 Dungeon Crawl Stone Soup version 0.29.1 (console) character file.

Game seed: 13977921210016909018

393 om the Insei (level 7, -5/49 HPs)
             Began as a Djinni Transmuter on Sept 15, 2022.
             Slain by Eustachio
             ... wielding a +0 rapier
              (9 damage)
             ... on level 4 of the Dungeon.
             The game lasted 00:12:30 (6186 turns).

om the Insei (Djinni Transmuter)                    Turns: 6186, Time: 00:12:31

Health: -5/49      AC:  2    Str:  8 (9)  XL:     7   Next: 8%
Gold:   195        EV: 13    Int: 12 (14) God:
                   SH:  0    Dex: 13 (16)

rFire   + + .      SeeInvis .     - Unarmed
rCold   x . .      Faith    .   (no shield)
rNeg    + . .      Spirit   .   a - +0 robe
rPois   ∞          Reflect  .   (no helmet)
rElec   .          Harm     .   (no cloak)
rCorr   .          Rampage  .   (no gloves)
Will    .....                   (boots unavailable)
Stlth   +.........              (no amulet)
HPRegen 0.16/turn               g - ring of positive energy
MPRegen 0.00/turn               (no ring)

@: flying
A: sickness immunity, fire resistance 2, cold vulnerability 1, float, innate
caster, HP casting, extra vitality 1
a: no special abilities


You were on level 4 of the Dungeon.
You visited 1 branch of the dungeon, and saw 4 of its levels.

You collected 195 gold pieces.

Inventory:

Armour
 a - a +0 robe (worn)
Magical Staves
 b - a staff of cold
Jewellery
 g - a ring of positive energy (left hand)
Scrolls
 c - a scroll of teleportation
 d - a scroll of fog
 i - a scroll of enchant weapon {unknown}
 j - a scroll of summoning {unknown}
Potions
 f - 2 potions of brilliance


   Skills:
 + Level 2.9 Fighting
 * Level 4.5 Dodging
 * Level 4.7 Unarmed Combat
 * Level 2.7 Spellcasting


You couldn't memorise any spells.
You knew the following spells:

 Your Spells              Type           Power      Damage    Failure   Level
a - Beastly Appendage     Tmut           16%        N/A       9%          1
b - Wereblood             Tmut           8%         N/A       12%         2
c - Spider Form           Tmut/Pois      8%         N/A       24%         3
d - Ice Form              Ice/Tmut       8%         N/A       63%         4
e - Sandblast             Erth           16%        2d6       9%          1
f - Call Imp              Summ           8%         N/A       12%         2
g - Vampiric Draining     Necr           8%         2d6       24%         3
Your spell library was empty.

Dungeon Overview and Level Annotations

Branches:
Dungeon (4/15)
 Temple: D:4-7

Altars:

Annotations:
D:4 Eustachio


Innate Abilities, Weirdness & Mutations

You are immune to sickness and miasma.
You are immune to poison.
Your flesh is very heat resistant. (rF++)
You are vulnerable to cold. (rC-)
You float through the air rather than walking.
You learn spells naturally, not from books.
Your magical power is your life essence.
You have superior vitality. (+4 MHP)


Message History

Eustachio hits you with a +0 rapier.
* * * LOW HITPOINT WARNING * * *
Casting: Sandblast (safe; 9% risk of failure)
Confirm with . or Enter, or press ? or * to list all spells.
Aiming: Sandblast (safe; 9% risk of failure)
Press: ? - help, Shift-Dir - straight line, f/p - Eustachio
Aim: Eustachio, wielding a +0 rapier and wearing a +0 leather armour (severely wounded, 73% to hit)
The blast of sand hits Eustachio!
Eustachio is almost dead.
* * * LOW HITPOINT WARNING * * *
Eustachio hits you with a +0 rapier.
* * * LOW HITPOINT WARNING * * *
The iron imp closely misses you.
Your crimson imp blinks!
Eustachio hits you with a +0 rapier.
* * * LOW HITPOINT WARNING * * *
Your magical contamination has completely faded away.
You feel better. The iron imp hits you.
* * * LOW HITPOINT WARNING * * *
Eustachio hits you with a +0 rapier.
* * * LOW HITPOINT WARNING * * *
Casting: Sandblast (safe; 9% risk of failure)
Confirm with . or Enter, or press ? or * to list all spells.
Okay, then.
You feel better. The iron imp hits you!
* * * LOW HITPOINT WARNING * * *
Eustachio casts a spell.
Unknown command.
Casting: Sandblast (safe; 9% risk of failure)
Confirm with . or Enter, or press ? or * to list all spells.
Aiming: Sandblast (safe; 9% risk of failure)
Press: ? - help, Shift-Dir - straight line, f/p - Eustachio
Aim: Eustachio, wielding a +0 rapier and wearing a +0 leather armour (almost dead, ally target, 73% to hit)
The blast of sand hits Eustachio but does no damage.
Eustachio is almost dead.
* * * LOW HITPOINT WARNING * * *
The bat misses you. The iron imp hits you.
* * * LOW HITPOINT WARNING * * *
The bat closely misses you. Eustachio hits you with a +0 rapier!
You die...

#..............##..#
...r...)...# .....##
.r..##...#.###......
....##...#..........
....##.......(...#
...............###
...............#<##
...>....###....).b#
........###.....@.#
.........##..#55@##
............##[rb##
.............#....##
......#............#
..............<..###
..§........####.##
.............####
........##..##


You could see Eustachio (ally target), an iron imp (summoned), 2 bats, a rat
(summoned) and a friendly crimson imp (summoned).

Vanquished Creatures
  A hound (D:3)
  2 orc priests (D:3)
  Natasha (D:3)
  An orc wizard (D:3)
  4 gnolls (D:2)
  4 adders
  2 worms
  6 orcs
  10 ball pythons
  9 bats
  6 endoplasms
  3 giant cockroaches
  12 goblins
  3 hobgoblins (D:2)
  7 kobolds
  2 quokkas
  A frilled lizard (D:1)
  9 rats
83 creatures vanquished.

Vanquished Creatures (collateral kills)
  Natasha (twice) (D:3)
  A statue (D:3)
3 creatures vanquished.

Vanquished Creatures (others)
  An orc wizard (D:3)
1 creature vanquished.

Grand Total: 87 creatures vanquished

Notes
Turn   | Place    | Note
-------+----------+-------------------------------------------
     0 | D:1      | om the Djinni Transmuter began the quest for the Orb.
     0 | D:1      | om set off with the following spells memorised: Beastly
                  | Appendage, Wereblood, Spider Form, Ice Form.
     0 | D:1      | Reached XP level 1. HP: 17/17 MP: 0/0
    43 | D:1      | Reached XP level 2. HP: 4/22 MP: 0/0
   896 | D:1      | Reached XP level 3. HP: 22/27 MP: 0/0
   896 | D:1      | Learned a level 1 spell: Sandblast
  1890 | D:2      | Reached XP level 4. HP: 12/33 MP: 0/0
  2959 | D:2      | Reached XP level 5. HP: 38/38 MP: 0/0
  2959 | D:2      | Learned a level 2 spell: Call Imp
  3399 | D:3      | Noticed a charred statue
  3442 | D:3      | Killed a charred statue
  3608 | D:3      | Found a faded altar of an unknown god.
  3737 | D:3      | HP: 1/39 [something (3)]
  3745 | D:3      | Reached XP level 6. HP: 4/45 MP: 0/0
  4036 | D:3      | Noticed Natasha
  4052 | D:3      | Killed Natasha
  4398 | D:3      | Noticed Natasha
  4431 | D:3      | Killed Natasha
  4977 | D:3      | Noticed Natasha
  4994 | D:3      | Killed Natasha
  5776 | D:4      | Noticed Eustachio
  5797 | D:3      | Reached XP level 7. HP: 37/49 MP: 0/0
  5797 | D:3      | Learned a level 3 spell: Vampiric Draining
  6186 | D:4      | Slain by Eustachio

Illustrated notes

Levels and vault maps discovered:
D:1:      amcnicky_arrival_double_pillar, layout_basic, solitary_fountain,
          minivault_23, serial_park_tiny_1,
          wander_ebering_terrifying_dragon_lair
D:2:      layout_basic
D:3:      layout_loops_cross, vehumet_statue,
          hellmonk_ecumenical_altar_leap_of_faith, uniq_natasha
D:4:      layout_cave_pools, minitemple, minmay_temple_entry_oklob,
          uniq_eustachio

Skill      XL: |  1  2  3  4  5  6 |
---------------+-------------------+-----
Spellcasting   | 2 |  2.7
Fighting       | 2 |  2.9
Dodging        | 3 4 |  4.5
Unarmed Combat | 4 |  4.7

Action                   |  1- 3 |  4- 6 |  7- 9 || total
-------------------------+-------+-------+-------++-------
Melee: Unarmed           |   105 |   214 |    19 ||   338
       Headbutt          |    13 |    37 |     4 ||    54
       Punch             |     1 |     4 |     1 ||     6
 Cast: Beastly Appendage |    24 |    35 |     3 ||    62
       Sandblast         |     2 |     9 |     7 ||    18
       Wereblood         |     1 |       |       ||     1
       Call Imp          |       |     8 |     2 ||    10
       Vampiric Draining |       |       |     2 ||     2
  Use: Potion            |     2 |     7 |     2 ||    11
       Scroll            |     3 |     3 |       ||     6
 Stab: Sleeping          |     1 |       |     1 ||     2
Armor: Skin              |    11 |    10 |       ||    21
       Robe              |    47 |    32 |     5 ||    84
Dodge: Dodged            |   138 |   148 |    31 ||   317
